 Dungeon Crawl Stone Soup version 0.28-a0-823-gb444dcf96d (webtiles) character file.

Game seed: 12991744060106891821

150 croobank the Chopper (level 5, -3/46 HPs)
             Began as a Minotaur Fighter on Nov 9, 2021.
             Was an Initiate of Okawaru.
             Killed by nerve-wracking pain
             ... invoked by an orc priest
              (8 damage)
             ... on level 3 of the Dungeon.
             The game lasted 00:10:10 (2105 turns).

croobank the Chopper (Minotaur Fighter)             Turns: 2105, Time: 00:10:15

Health: -3/46      AC:  9    Str: 20    XL:     5   Next: 10%
Magic:  4/4        EV:  5    Int:  5    God:    Okawaru [......]
Gold:   159        SH:  8    Dex: 11    Spells: 4/4 levels left

rFire   . . .      SeeInvis .   a - +0 war axe
rCold   . . .      Faith    .   h - +0 kite shield
rNeg    . . .      Spirit   .   g - +0 chain mail
rPois   .          Reflect  .   (helmet restricted)
rElec   .          Harm     .   (no cloak)
rCorr   .          Rampage  .   (no gloves)
Will    .....                   (no boots)
Stlth   ..........              (no amulet)
HPRegen 0.15/turn               (no ring)
MPRegen 0.09/turn               (no ring)

@: brilliant
A: horns 2, retaliatory headbutt
a: Renounce Religion


You were on level 3 of the Dungeon.
You worshipped Okawaru.
Okawaru was noncommittal.
You visited 1 branch of the dungeon, and saw 3 of its levels.

You collected 159 gold pieces.

Inventory:

Hand Weapons
 a - a +0 war axe (weapon)
 n - a +0 dagger
Missiles
 e - 58 arrows
 m - 28 stones (quivered)
Armour
 b - a +0 scale mail
 c - a +0 buckler
 g - a +0 chain mail (worn)
 h - a +0 kite shield (worn)
Wands
 k - a wand of flame (12)
Scrolls
 i - a scroll of enchant armour {unknown}
 o - a scroll of fog {unknown}
Potions
 d - a potion of might
 j - a potion of cancellation {unknown}
 l - a potion of degeneration {unknown}
 p - a potion of magic {unknown}


   Skills:
 + Level 4.2 Fighting
 + Level 4.6 Axes
 + Level 4.5 Armour
 + Level 0.9 Dodging
 + Level 0.3 Stealth
 + Level 4.2 Shields


You had 4 spell levels left.
You didn't know any spells.
Your spell library was empty.

Dungeon Overview and Level Annotations

Branches:
Dungeon (3/15)

Altars:
Fedhas
Okawaru


Innate Abilities, Weirdness & Mutations

You have a pair of horns on your head.
You reflexively headbutt those who attack you in melee.


Message History

You kill the jackal!
Okawaru accepts your kill.
e - 58 arrows (gained 18)
A goblin comes into view. It is wielding a +0 club.
You slash the goblin!
You kill the goblin!
Okawaru accepts your kill.
You see here a +0 club.
An orc comes into view. It is wielding a +0 mace.
The orc shouts!
You hear a shout!
You hit the orc but do no damage. The orc barely misses you.
An orc comes into view. It is wielding a +0 war axe.
You block the orc's attack.
You closely miss the orc. The orc hits you with a +0 mace.
An orc priest comes into view. It is wielding a +0 short sword.
You closely miss the orc. The orc hits you but does no damage.
An orc priest comes into view. It is wielding a +0 short sword.
The orc hits you but does no damage.
The orc priest invokes the aid of Beogh against you.
Beogh smites you!
The orc priest shouts!
You barely miss the orc. The orc hits you but does no damage.
You barely miss the orc. Your headbutt misses the orc.
The orc priest casts a cantrip, but nothing happens.
The orc hits you with a +0 mace.
You slash the orc!
You kill the orc!
Okawaru accepts your kill.
You hit the orc.
The orc priest invokes the aid of Beogh against you.
Beogh smites you!
* * * LOW HITPOINT WARNING * * *
The orc hits you but does no damage.
It was a potion of brilliance.
You feel clever all of a sudden. The orc hits you with a +0 mace.
* * * LOW HITPOINT WARNING * * *
The orc priest invokes the aid of Beogh against you.
Pain shoots through your body!
You die...

#. ####.####### #. #.
#..........######.
#..#.##.##.##.#......
#..#.##)##.##........
#.......##...........
####o##.#####.#..####
#.##... ...#..# #
##o########.#.... .
#o@# .....###. #.##
.....# #
#.######.......# #
#.............
#..####.. #..# #...
##.#. ....


You could see 2 orc priests and an orc.

Vanquished Creatures
  Robin (D:2)
  4 gnolls (D:2)
  3 adders
  A dart slug (D:2)
  2 orcs (D:3)
  5 bats
  2 endoplasms
  13 goblins
  3 hobgoblins (D:2)
  11 jackals
  5 kobolds
  A quokka (D:3)
  6 ball pythons
  A frilled lizard (D:2)
  10 rats
  A spectral goblin (D:1)
69 creatures vanquished.

Notes
Turn   | Place    | Note
-------+----------+-------------------------------------------
     0 | D:1      | croobank the Minotaur Fighter began the quest for the Orb.
     0 | D:1      | Reached XP level 1. HP: 19/19 MP: 0/0
   103 | D:1      | Found a faded altar of an unknown god.
   109 | D:1      | Reached XP level 2. HP: 27/27 MP: 1/1
   855 | D:2      | Reached XP level 3. HP: 33/33 MP: 2/2
  1158 | D:2      | Reached XP level 4. HP: 30/40 MP: 3/3
  1307 | D:2      | Noticed Robin
  1325 | D:2      | Killed Robin
  1698 | D:3      | Found an iron altar of Okawaru.
  1703 | D:3      | Found a blossoming altar of Fedhas.
  1799 | D:3      | Became a worshipper of Warmaster Okawaru
  1838 | D:3      | Reached XP level 5. HP: 46/46 MP: 4/4
  2105 | D:3      | Killed from afar by an orc priest

Illustrated notes

Levels and vault maps discovered:
D:1:      sevenhm_arrival_forest_fort_large_4, layout_basic,
          dreamdust_ecumenical_altar_drowned_temple, columned_hall_lemuel
D:2:      layout_basic, minmay_rat_gold_closets, uniq_robin
D:3:      layout_loops_cross, mainiacjoe_overflow_catwalk_spiral,
          amethyst_killhole

Skill      XL: |  1  2  3  4 |
---------------+-------------+-----
Armour         | 4 |  4.5
Axes           | 3 4 |  4.6
Shields        | 4 |  4.2
Fighting       | 4 |  4.2
Dodging        | |  0.9
Stealth        | |  0.3

Action                   |  1- 3 |  4- 6 || total
-------------------------+-------+-------++-------
Melee: War axe           |    72 |    65 ||   137
       Headbutt          |    11 |     6 ||    17
  Use: Scroll            |     2 |       ||     2
       Potion            |       |     1 ||     1
Armor: Scale mail        |    12 |       ||    12
       Chain mail        |    25 |    36 ||    61
Dodge: Dodged            |    19 |    19 ||    38
Block: Buckler           |    12 |       ||    12
       Kite shield       |    11 |    37 ||    48

Table legend: (Time is in decaauts)
 A = Elapsed time spent in this place.
 B = Non-inter-level travel time spent in this place.
 C = Inter-level travel time spent in this place.
 D = Time resting spent in this place.
 E = Time spent auto-exploring this place.
 F = Levels seen in this place.
 G = Mean time per level.
                   A        B        C        D        E       F      G
               +--------+--------+--------+--------+--------+-----+--------+
         Total |   2173 |   2085 |     88 |    373 |   1159 |   3 |  724.3 |
       Dungeon |   2173 |   2085 |     88 |    373 |   1159 |   3 |  724.3 |
               +--------+--------+--------+--------+--------+-----+--------+

Top non-repeatable levels by time:
     D:2: 1106 daAuts
     D:1: 641 daAuts
     D:3: 425 daAuts
